Carnivores vs Monarchs
(R1)
Created - November 19, 2018 at 19:22
Goals
|
Carnivores |
1 |
0 |
4 |
0 |
5 |
Monarchs |
1 |
4 |
0 |
1 |
6 |
|
Shots
|
Carnivores |
10 |
11 |
20 |
0 |
41 |
Monarchs |
10 |
14 |
16 |
2 |
42 |
|
1st period
1. Monarchs , Mike Hoffman 2 (Ryan White 1) at 17:20
2. Carnivores , Nicolas Kerdiles 1 (Jeremy Williams 6, Nate Schmidt 10) at 19:43
Penalties :
Hunter Shinkaruk (Bre) for Hooking (Minor) at 4:19, Scott Laughton (Bre) for High sticking (Minor) at 12:46
2nd period
3. Monarchs , Connor Brown 9 (Brian Boyle 6, Bo Horvat 7) at 2:01
4. Monarchs , Teuvo Teravainen 9 (Viktor Arvidsson 6, Marko Dano 15) at 4:53 (PP)
5. Monarchs , Connor Brown 10 (Andre Burakovsky 15, Ryan White 2) at 8:20
6. Monarchs , Chris Thorburn 1 (Teuvo Teravainen 6) at 12:56
Penalties :
Nicolas Kerdiles (Bre) for Roughing (Minor) at 4:48, Chris Thorburn (MAN) for Holding (Minor) at 10:09, Mat Clark (Bre) for Hooking (Minor) at 13:58
3rd period
7. Carnivores , Blake Geoffrion 13 (Chris Lawrence 7, Nate Schmidt 11) at 0:14
8. Carnivores , David Schlemko 1 (Sasha Pokulok 6, Nikita Alexeev 11) at 1:48
9. Carnivores , Chris Lawrence 5 (Nate Schmidt 12) at 7:38 (SH)
10. Carnivores , Nikita Alexeev 7 (Mat Clark 2, Jeremy Welsh 5) at 11:20 (PP)
Penalties :
Will Butcher (MAN) for Hooking (Minor) at 2:08, Mark McNeill (Bre) for Roughing (Minor) at 7:24, Morgan Rielly (MAN) for Hooking (Minor) at 10:51, Brian Boyle (MAN) for Tripping (Minor) at 18:52
Overtime #1
11. Monarchs , Teuvo Teravainen 10 (Brian Boyle 7, Marko Dano 16) at 1:08 (PP)
Penalties :
Scott Laughton (Bre) for Interference (Minor) at 0:16
Goalie Stats
Antti Raanta (Bre), 24 saves from 26 shots - (0.923), OTL, 1-3-1, 32:48 minutes
Niklas Svedberg (Bre), 12 saves from 16 shots - (0.750), 28:20 minutes
Anders Lindback (MAN), 36 saves from 41 shots - (0.878), W, 5-4-0, 61:08 minutes
Players Stats for Carnivores
Player Name G A P +/- PIM S H SB GA TA FO MP PP MP PK MP
------------------------------------------------------------------------------------
Anton Gustafsson 0 0 0 1 0 3 0 1 0 0 2/4 11:40 0:00 2:26
Blake Geoffrion 1 0 1 -1 0 8 1 2 1 0 2/4 20:30 3:10 0:04
Chris Lawrence 1 1 2 0 0 4 2 1 0 0 2/2 20:48 0:00 4:12
Curtis Lazar 0 0 0 0 0 0 0 0 0 0 0/1 0:56 0:00 0:00
David Schlemko 1 0 1 1 0 3 2 1 0 0 0/0 17:15 0:00 3:27
Frederik Gauthier 0 0 0 1 0 0 1 0 0 1 2/5 4:26 0:00 4:12
Hunter Shinkaruk 0 0 0 -2 2 1 0 0 0 0 0/0 7:47 0:00 0:00
Jeremy Welsh 0 1 1 1 0 0 1 0 0 0 0/1 15:08 2:24 0:00
Jeremy Williams 0 1 1 1 0 4 1 0 0 0 0/0 12:23 3:10 0:00
Josh Manson 0 0 0 -1 0 1 1 2 0 1 0/0 11:44 0:00 0:01
Mark McNeill 0 0 0 -2 2 1 3 0 1 0 0/1 8:43 0:00 1:48
Markus Granlund 0 0 0 1 0 2 4 0 0 0 5/11 15:42 2:24 0:22
Mat Clark 0 1 1 -1 2 0 3 1 2 0 0/0 22:50 4:00 0:04
Mattias Backman 0 0 0 0 0 0 0 1 0 0 0/0 4:17 0:09 0:01
Nate Schmidt 0 3 3 0 0 2 4 1 1 2 0/0 30:07 4:00 4:49
Nicolas Kerdiles 1 0 1 1 2 1 2 0 0 0 1/2 12:00 0:00 2:13
Nikita Alexeev 1 1 2 1 0 4 0 0 0 0 0/2 15:08 2:24 0:00
Sasha Pokulok 0 1 1 2 0 4 0 2 1 0 0/0 20:23 1:34 4:45
Scott Laughton 0 0 0 -1 4 1 5 1 0 1 16/33 21:49 3:10 1:05
T.J Brodie 0 0 0 -1 0 0 0 2 2 1 0/0 15:42 1:25 3:27
Zack Smith 0 0 0 -2 0 2 0 0 1 1 0/2 6:55 0:00 0:00
Players Stats for Monarchs
Player Name G A P +/- PIM S H SB GA TA FO MP PP MP PK MP
------------------------------------------------------------------------------------
Alec Martinez 0 0 0 -1 0 3 1 1 1 1 0/0 23:32 3:53 2:13
Andre Burakovsky 0 1 1 2 0 1 2 0 0 0 0/2 15:21 3:41 0:00
Bo Horvat 0 1 1 -2 0 2 1 0 0 0 11/19 17:30 3:41 0:00
Brian Boyle 0 2 2 1 2 0 0 1 0 1 8/17 16:31 1:00 2:44
Chris Thorburn 1 0 1 -2 2 8 1 0 1 0 0/0 13:50 0:04 0:00
Connor Brown 2 0 2 2 0 5 1 0 0 2 2/2 15:21 3:41 0:00
Darnell Nurse 0 0 0 1 0 2 2 1 0 1 0/0 19:12 0:00 3:55
David Fischer 0 0 0 0 0 1 1 4 1 0 0/0 18:05 0:00 1:56
Dennis Everberg 0 0 0 0 0 0 0 0 0 0 1/1 1:35 0:00 1:21
Jake McCabe 0 0 0 0 0 3 3 0 0 1 0/0 23:24 4:08 3:38
James Sheppard 0 0 0 0 0 2 1 0 0 0 0/1 15:17 0:34 1:00
Kenndal McArdle 0 0 0 0 0 0 0 0 0 0 0/0 1:14 0:00 1:00
Marko Dano 0 2 2 -1 0 3 2 0 0 0 13/20 18:26 3:43 0:35
Mike Hoffman 1 0 1 1 0 1 0 0 2 1 0/0 8:18 0:00 1:01
Morgan Rielly 0 0 0 -1 2 1 2 1 0 0 0/0 20:16 3:53 0:00
Nicholas Baptiste 0 0 0 1 0 0 0 0 0 1 0/0 6:52 0:00 0:00
Ryan White 0 2 2 1 0 1 1 1 0 0 3/6 10:47 0:00 3:44
Teuvo Teravainen 2 1 3 -2 0 2 1 0 1 0 0/0 18:38 3:53 0:00
Viktor Arvidsson 0 1 1 -1 0 5 0 1 1 1 0/0 16:45 3:46 0:00
Will Butcher 0 0 0 1 2 2 0 0 0 0 0/0 17:59 4:08 0:00
3 Stars
1 - Connor Brown (MAN)
2 - Teuvo Teravainen (MAN)
3 - Nate Schmidt (Bre)
Power Play
Carnivores - 1 on 4 Attempt(s) - 25.00%
Monarchs - 2 on 6 Attempt(s) - 33.33%
Penalty Kill
Carnivores - 4 on 6 Attempt(s) - 66.67%
- Score 1 goal in Penalty Kill
Monarchs - 3 on 4 Attempt(s) - 75.00%
- Score 0 goal in Penalty Kill
Team Stat
Carnivores - Hits : 30 - Faceoff Wins : 30 - Blocked Shots : 15 - Penalty Minutes : 12
Monarchs - Hits : 19 - Faceoff Wins : 38 - Blocked Shots : 10 - Penalty Minutes : 8
Official
Referees : Unknown
Linesman : Unknown
Game Notes
Antti Raanta enters game at 8:20 of 2nd period
Finance
Level 1 -- Attendance: 1603 (80.15%) -- Ticket Income $64,120
Level 2 -- Attendance: 671 (67.10%) -- Ticket Income $13,420
Total Attendance: 2274 (75.80%)
Total Ticket Income: $77,540
Other Income: $3,877
Total Income: $81,417
Carnivores
5 vs 5 Forward
Center Left Wing Right Wing Time % Phy DF OF
1 Scott Laughton Blake Geoffrion Chris Lawrence 40 1 2 2
2 Markus Granlund Jeremy Welsh Nikita Alexeev 30 1 2 2
3 Anton Gustafsson Nicolas Kerdiles Jeremy Williams 20 1 2 2
4 Zack Smith Hunter Shinkaruk Mark McNeill 10 1 2 2
5 vs 5 Defense
Defense Defense Time % Phy DF OF
1 Mat Clark Nate Schmidt 40 1 2 2
2 Sasha Pokulok David Schlemko 30 1 2 2
3 T.J Brodie Josh Manson 20 1 2 2
4 Mattias Backman Nate Schmidt 10 1 2 2
PowerPlay Forward
Center Left Wing Right Wing Time % Phy DF OF
1 Scott Laughton Blake Geoffrion Jeremy Williams 60 1 1 3
2 Markus Granlund Jeremy Welsh Nikita Alexeev 40 1 1 3
PowerPlay Defense
Defense Defense Time % Phy DF OF
1 Mat Clark Nate Schmidt 60 1 2 2
2 T.J Brodie Sasha Pokulok 40 1 2 2
Penalty Kill 4 Players Forward
Center Wing Time % Phy DF OF
1 Frederik Gauthier Chris Lawrence 60 1 2 2
2 Anton Gustafsson Mark McNeill 40 1 2 2
Penalty Kill 4 Players Defense
Defense Defense Time % Phy DF OF
1 Sasha Pokulok Nate Schmidt 60 1 2 2
2 T.J Brodie David Schlemko 40 1 2 2
Penalty Kill - 3 Players Forward
Forward Time % Phy DF OF
1 Chris Lawrence 60 1 2 2
2 Anton Gustafsson 40 1 2 2
Penalty Kill - 3 Players Defense
Defense Defense Time % Phy DF OF
1 Sasha Pokulok Nate Schmidt 60 1 2 2
2 T.J Brodie David Schlemko 40 1 2 2
4 vs 4 Forward
Center Wing Time % Phy DF OF
1 Scott Laughton Blake Geoffrion 60 1 2 2
2 Nikita Alexeev Jeremy Welsh 40 1 2 2
4 vs 4 Defense
Defense Defense Time % Phy DF OF
1 Mat Clark Nate Schmidt 60 1 2 2
2 T.J Brodie David Schlemko 40 1 2 2
Last Minutes Offensive
Center Left Wing Right Wing Defense Defense
Scott Laughton Blake Geoffrion Chris Lawrence Nate Schmidt T.J Brodie
Last Minutes Defensive
Center Left Wing Right Wing Defense Defense
Frederik Gauthier Blake Geoffrion Mark McNeill Nate Schmidt T.J Brodie
Goaltenders
Starting : Niklas Svedberg
Backup : Antti Raanta
Extra Forwards
Normal : Curtis Lazar, Frederik Gauthier, Jeremy Williams - PP : Curtis Lazar, Jeremy Williams - PK : Frederik Gauthier
Extra Defensemen
Normal : Mattias Backman, T.J Brodie, David Schlemko - PP : Mattias Backman - PK : Mattias Backman, T.J Brodie
Penalty Shots
Blake Geoffrion, Markus Granlund, Chris Lawrence, Hunter Shinkaruk, Jeremy Welsh
Scratches
Adam Almquist (Healthy), Connor Clifton (Healthy), Stanislav Galiev (Healthy), Mark MacMillan (Healthy), Tyler Graovac (Healthy)
Troy Bourke (Healthy), Alexandre Mallet (Healthy), Michael Schumacher (Healthy), Tristan Jarry (Healthy)
Monarchs
5 vs 5 Forward
Center Left Wing Right Wing Time % Phy DF OF
1 Brian Boyle Andre Burakovsky Connor Brown 30 1 2 2
2 Marko Dano James Sheppard Viktor Arvidsson 30 1 2 2
3 Bo Horvat Teuvo Teravainen Chris Thorburn 30 1 2 2
4 Ryan White Mike Hoffman Nicholas Baptiste 10 1 2 2
5 vs 5 Defense
Defense Defense Time % Phy DF OF
1 Jake McCabe David Fischer 35 0 3 2
2 Alec Martinez Morgan Rielly 35 0 3 2
3 Darnell Nurse Will Butcher 30 0 3 2
4 Jake McCabe Will Butcher 0 1 3 1
PowerPlay Forward
Center Left Wing Right Wing Time % Phy DF OF
1 Marko Dano Teuvo Teravainen Viktor Arvidsson 60 0 1 4
2 Bo Horvat Andre Burakovsky Connor Brown 40 0 1 4
PowerPlay Defense
Defense Defense Time % Phy DF OF
1 Will Butcher Jake McCabe 60 0 2 3
2 Alec Martinez Morgan Rielly 40 0 2 3
Penalty Kill 4 Players Forward
Center Wing Time % Phy DF OF
1 Brian Boyle Ryan White 60 0 4 1
2 James Sheppard Kenndal McArdle 40 0 4 1
Penalty Kill 4 Players Defense
Defense Defense Time % Phy DF OF
1 Jake McCabe Darnell Nurse 60 0 5 0
2 Alec Martinez David Fischer 40 0 5 0
Penalty Kill - 3 Players Forward
Forward Time % Phy DF OF
1 Ryan White 60 1 4 0
2 James Sheppard 40 1 4 0
Penalty Kill - 3 Players Defense
Defense Defense Time % Phy DF OF
1 Alec Martinez Darnell Nurse 60 0 5 0
2 Jake McCabe David Fischer 40 0 5 0
4 vs 4 Forward
Center Wing Time % Phy DF OF
1 Marko Dano Teuvo Teravainen 60 1 2 2
2 Connor Brown James Sheppard 40 1 2 2
4 vs 4 Defense
Defense Defense Time % Phy DF OF
1 Alec Martinez Darnell Nurse 60 1 2 2
2 Jake McCabe Morgan Rielly 40 1 2 2
Last Minutes Offensive
Center Left Wing Right Wing Defense Defense
Marko Dano Teuvo Teravainen Connor Brown Jake McCabe Will Butcher
Last Minutes Defensive
Center Left Wing Right Wing Defense Defense
Brian Boyle James Sheppard Dennis Everberg Jake McCabe Darnell Nurse
Goaltenders
Starting : Anders Lindback
Backup : Matt Murray
Extra Forwards
Normal : Marko Dano, Brian Boyle, Bo Horvat - PP : Brian Boyle, James Sheppard - PK : Dennis Everberg
Extra Defensemen
Normal : Jake McCabe, Alec Martinez, Darnell Nurse - PP : Darnell Nurse - PK : Will Butcher, Morgan Rielly
Penalty Shots
Andre Burakovsky, Marko Dano, Viktor Arvidsson, Teuvo Teravainen, James Sheppard
Scratches
Chris Tierney (Bruised Left Foot Injury), Christophe Lalancette (Healthy), Adam Tambellini (Healthy), Anton Cederholm (Healthy), Mitchell Moroz (Healthy)
Andrei Mironov (Healthy), Jonas Junland (Healthy), Anthony Peluso (Healthy), Jake Muzzin (Healthy), Tyler Beskorowany (Healthy)
% Time on Ice - Carnivores
Lines # - Real PCT - Wanted PCT - Time Play
Normal Forward
1 - 38% - 40% - 17:32
2 - 27% - 30% - 12:45
3 - 20% - 20% - 9:13
4 - 15% - 10% - 6:55
Normal Defense
1 - 41% - 40% - 19:01
2 - 30% - 30% - 13:48
3 - 23% - 20% - 10:50
4 - 6% - 10% - 2:46
PP Forward
1 - 57% - 60% - 3:10
2 - 43% - 40% - 2:24
PP Defense
1 - 72% - 60% - 4:00
2 - 28% - 40% - 1:34
PK Forward
1 - 70% - 60% - 5:35
2 - 30% - 40% - 2:26
PK Defense
1 - 59% - 60% - 4:46
2 - 41% - 40% - 3:15
PK3 Forward
1 - 100% - 60% - 0:16
2 - 0% - 40% - 0:00
PK3 Defense
1 - 25% - 60% - 0:04
2 - 75% - 40% - 0:12
44 Forward
1 - 100% - 60% - 0:52
2 - 0% - 40% - 0:00
44 Defense
1 - 100% - 60% - 0:52
2 - 0% - 40% - 0:00
Last Minute Offensive - 0:00
Last Minute Defensive - 0:00
Total
Forward - 61:08
Defense - 61:08
|
% Time on Ice - Monarchs
Lines # - Real PCT - Wanted PCT - Time Play
Normal Forward
1 - 28% - 30% - 13:12
2 - 28% - 30% - 12:57
3 - 29% - 30% - 13:24
4 - 15% - 10% - 6:52
Normal Defense
1 - 35% - 35% - 16:12
2 - 36% - 35% - 16:35
3 - 29% - 30% - 13:38
4 - 0% - 0% - 0:00
PP Forward
1 - 54% - 60% - 4:20
2 - 46% - 40% - 3:41
PP Defense
1 - 52% - 60% - 4:08
2 - 48% - 40% - 3:53
PK Forward
1 - 82% - 60% - 4:34
2 - 18% - 40% - 1:00
PK Defense
1 - 65% - 60% - 3:38
2 - 35% - 40% - 1:56
PK3 Forward
1 - 100% - 60% - 0:17
2 - 0% - 40% - 0:00
PK3 Defense
1 - 100% - 60% - 0:17
2 - 0% - 40% - 0:00
44 Forward
1 - 100% - 60% - 0:51
2 - 0% - 40% - 0:00
44 Defense
1 - 100% - 60% - 0:51
2 - 0% - 40% - 0:00
Last Minute Offensive - 0:00
Last Minute Defensive - 0:00
Total
Forward - 61:08
Defense - 61:08
|
Play by Play
1st period
0:01 of 1st period - Brian Boyle wins face-off versus Scott Laughton in neutral zone.
0:54 of 1st period - Backhand shot by Mike Hoffman.
0:54 of 1st period - Shot Misses the Net.
1:34 of 1st period - Connor Brown is hit by David Schlemko and loses puck.
2:06 of 1st period - Slapshot by Zack Smith.
2:06 of 1st period - Stopped by Anders Lindback with a rebound.
2:23 of 1st period - David Fischer is hit by Josh Manson and loses puck.
2:40 of 1st period - Wrist shot by Chris Lawrence.
2:40 of 1st period - Stopped by Anders Lindback with a rebound.
3:36 of 1st period - Alec Martinez is hit by David Schlemko.
4:19 of 1st period - Minor Penalty to Hunter Shinkaruk for Hooking.
4:20 of 1st period - Frederik Gauthier wins face-off versus Bo Horvat in Carnivores zone.
6:16 of 1st period - Morgan Rielly is hit by Scott Laughton and loses puck.
6:19 of 1st period - Penalty to Hunter Shinkaruk is over, Hunter Shinkaruk is back on ice.
6:29 of 1st period - Snap shot by Nicolas Kerdiles.
6:29 of 1st period - Shot Blocked by Alec Martinez.
6:47 of 1st period - Wrist shot by James Sheppard.
6:47 of 1st period - Stopped by Niklas Svedberg with a rebound.
6:49 of 1st period - Snap shot by Brian Boyle.
6:49 of 1st period - Shot Blocked by Scott Laughton.
7:05 of 1st period - Wrist shot by Teuvo Teravainen.
7:05 of 1st period - Shot Misses the Net.
7:07 of 1st period - Slapshot by Alec Martinez.
7:07 of 1st period - Shot Blocked by Mattias Backman.
7:09 of 1st period - Slapshot by James Sheppard.
7:09 of 1st period - Shot Blocked by Josh Manson.
7:11 of 1st period - Slapshot by James Sheppard.
7:11 of 1st period - Deflect By Teuvo Teravainen.
7:11 of 1st period - Shot Misses the Net.
7:11 of 1st period - Puck is out of play.
7:12 of 1st period - Markus Granlund wins face-off versus Ryan White in Carnivores zone.
7:28 of 1st period - Wrist shot by Ryan White.
7:28 of 1st period - Shot Misses the Net.
7:57 of 1st period - Will Butcher is hit by Markus Granlund and loses puck.
8:10 of 1st period - Snap shot by Anton Gustafsson.
8:10 of 1st period - Shot Misses the Net.
11:11 of 1st period - Mat Clark is hit by Ryan White and loses puck.
11:28 of 1st period - Snap shot by Scott Laughton.
11:28 of 1st period - Stopped by Anders Lindback without a rebound.
11:29 of 1st period - Marko Dano wins face-off versus Jeremy Welsh in Monarchs zone.
11:34 of 1st period - Alec Martinez is hit by Jeremy Welsh and loses puck.
11:51 of 1st period - Nicolas Kerdiles is hit by Andre Burakovsky and loses puck.
12:00 of 1st period - Snap shot by Connor Brown.
12:00 of 1st period - Shot Misses the Net.
12:12 of 1st period - Wrist shot by Blake Geoffrion.
12:12 of 1st period - Stopped by Anders Lindback without a rebound.
12:13 of 1st period - Bo Horvat wins face-off versus Scott Laughton in Monarchs zone.
12:13 of 1st period - Bo Horvat is hit by Chris Lawrence.
12:27 of 1st period - Wrist shot by Chris Thorburn.
12:27 of 1st period - Shot Misses the Net.
12:29 of 1st period - Backhand shot by Chris Thorburn.
12:29 of 1st period - Stopped by Niklas Svedberg with a rebound.
12:31 of 1st period - Wrist shot by Darnell Nurse.
12:31 of 1st period - Shot Blocked by Mat Clark.
12:33 of 1st period - Slapshot by Darnell Nurse.
12:33 of 1st period - Stopped by Niklas Svedberg with a rebound.
12:35 of 1st period - Slapshot by Bo Horvat.
12:35 of 1st period - Stopped by Niklas Svedberg with a rebound.
12:37 of 1st period - Wrist shot by Chris Thorburn.
12:37 of 1st period - Stopped by Niklas Svedberg with a rebound.
12:39 of 1st period - Snap shot by Bo Horvat.
12:39 of 1st period - Stopped by Niklas Svedberg with a rebound.
12:46 of 1st period - Minor Penalty to Scott Laughton for High sticking.
12:47 of 1st period - Marko Dano wins face-off versus Frederik Gauthier in Carnivores zone.
12:49 of 1st period - Snap shot by Teuvo Teravainen.
12:49 of 1st period - Shot Blocked by Sasha Pokulok.
14:46 of 1st period - Penalty to Scott Laughton is over, Scott Laughton is back on ice.
14:50 of 1st period - Nate Schmidt is hit by James Sheppard and loses puck.
14:57 of 1st period - Slapshot by Chris Thorburn.
14:57 of 1st period - Stopped by Niklas Svedberg without a rebound.
14:58 of 1st period - Anton Gustafsson wins face-off versus Ryan White in Carnivores zone.
15:37 of 1st period - Connor Brown is hit by Mark McNeill and loses puck.
15:58 of 1st period - Sasha Pokulok is hit by Darnell Nurse and loses puck.
16:39 of 1st period - Wrist shot by Jeremy Welsh.
16:39 of 1st period - Shot Blocked by Morgan Rielly.
16:41 of 1st period - Slapshot by T.J Brodie.
16:41 of 1st period - Shot Misses the Net.
16:58 of 1st period - Slapshot by Nate Schmidt.
16:58 of 1st period - Stopped by Anders Lindback with a rebound.
17:20 of 1st period - Snap shot by Mike Hoffman.
17:20 of 1st period - Goal by Mike Hoffman - Carnivores : 0 - Monarchs : 1.
17:21 of 1st period - Bo Horvat wins face-off versus Scott Laughton in neutral zone.
17:24 of 1st period - Snap shot by Teuvo Teravainen.
17:24 of 1st period - Shot Misses the Net.
17:34 of 1st period - Blake Geoffrion is hit by Teuvo Teravainen and loses puck.
17:38 of 1st period - Icing by David Schlemko.
17:39 of 1st period - Scott Laughton wins face-off versus Marko Dano in Carnivores zone.
17:50 of 1st period - Chris Lawrence is hit by Marko Dano and loses puck.
17:57 of 1st period - Viktor Arvidsson is hit by Blake Geoffrion and loses puck.
18:04 of 1st period - Wrist shot by Blake Geoffrion.
18:04 of 1st period - Stopped by Anders Lindback with a rebound.
18:06 of 1st period - Wrist shot by Scott Laughton.
18:06 of 1st period - Shot Misses the Net.
18:08 of 1st period - Snap shot by Blake Geoffrion.
18:08 of 1st period - Stopped by Anders Lindback without a rebound.
18:09 of 1st period - Bo Horvat wins face-off versus Markus Granlund in Monarchs zone.
18:55 of 1st period - Backhand shot by Connor Brown.
18:55 of 1st period - Shot Misses the Net.
18:57 of 1st period - Snap shot by Marko Dano.
18:57 of 1st period - Deflect By James Sheppard.
18:57 of 1st period - Shot Hit the Post.
18:57 of 1st period - Puck is out of play.
18:58 of 1st period - Marko Dano wins face-off versus Mark McNeill in Carnivores zone.
19:03 of 1st period - Wrist shot by Viktor Arvidsson.
19:03 of 1st period - Deflect By James Sheppard.
19:03 of 1st period - Deflect By Sasha Pokulok.
19:03 of 1st period - Stopped by Niklas Svedberg with a rebound.
19:05 of 1st period - Slapshot by Darnell Nurse.
19:05 of 1st period - Stopped by Niklas Svedberg without a rebound.
19:06 of 1st period - Markus Granlund wins face-off versus Bo Horvat in Carnivores zone.
19:06 of 1st period - Markus Granlund is hit by David Fischer.
19:39 of 1st period - Snap shot by Anton Gustafsson.
19:39 of 1st period - Stopped by Anders Lindback with a rebound.
19:41 of 1st period - Slapshot by Nate Schmidt.
19:41 of 1st period - Deflect By Jeremy Williams.
19:41 of 1st period - Stopped by Anders Lindback with a rebound.
19:43 of 1st period - Snap shot by Nicolas Kerdiles.
19:43 of 1st period - Goal by Nicolas Kerdiles - Carnivores : 1 - Monarchs : 1.
19:44 of 1st period - Blake Geoffrion wins face-off versus James Sheppard in neutral zone.
19:55 of 1st period - Marko Dano is hit by Mat Clark and loses puck.
Goals for this period are 1 for Carnivores vs 1 for Monarchs .
Shots for this period are 10 for Carnivores vs 10 for Monarchs .
2nd period
0:01 of 2nd period - Marko Dano wins face-off versus Scott Laughton in neutral zone.
0:08 of 2nd period - Slapshot by Chris Lawrence.
0:08 of 2nd period - Shot Misses the Net.
0:10 of 2nd period - Wrist shot by Blake Geoffrion.
0:10 of 2nd period - Stopped by Anders Lindback with a rebound.
0:12 of 2nd period - Slapshot by Chris Lawrence.
0:12 of 2nd period - Shot Misses the Net.
0:49 of 2nd period - Off-side.
0:50 of 2nd period - Brian Boyle wins face-off versus Anton Gustafsson in neutral zone.
1:23 of 2nd period - Backhand shot by James Sheppard.
1:23 of 2nd period - Shot Blocked by Blake Geoffrion.
1:25 of 2nd period - Backhand shot by Marko Dano.
1:25 of 2nd period - Shot Misses the Net.
1:43 of 2nd period - Slapshot by Ryan White.
1:43 of 2nd period - Stopped by Niklas Svedberg with a rebound.
2:01 of 2nd period - Backhand shot by Connor Brown.
2:01 of 2nd period - Goal by Connor Brown - Carnivores : 1 - Monarchs : 2.
2:02 of 2nd period - Scott Laughton wins face-off versus Bo Horvat in neutral zone.
2:05 of 2nd period - David Fischer is hit by Scott Laughton.
2:15 of 2nd period - Wrist shot by Blake Geoffrion.
2:15 of 2nd period - Shot Blocked by David Fischer.
2:17 of 2nd period - Slapshot by Sasha Pokulok.
2:17 of 2nd period - Stopped by Anders Lindback with a rebound.
2:27 of 2nd period - David Schlemko is hit by Jake McCabe and loses puck.
2:56 of 2nd period - David Fischer is hit by Nicolas Kerdiles and loses puck.
3:31 of 2nd period - Wrist shot by Chris Lawrence.
3:31 of 2nd period - Stopped by Anders Lindback with a rebound.
3:33 of 2nd period - Backhand shot by David Schlemko.
3:33 of 2nd period - Deflect By Morgan Rielly.
3:33 of 2nd period - Stopped by Anders Lindback without a rebound.
3:34 of 2nd period - Scott Laughton wins face-off versus Bo Horvat in Monarchs zone.
4:04 of 2nd period - Slapshot by David Schlemko.
4:04 of 2nd period - Stopped by Anders Lindback with a rebound.
4:09 of 2nd period - Off-side.
4:10 of 2nd period - Marko Dano wins face-off versus Markus Granlund in neutral zone.
4:48 of 2nd period - Minor Penalty to Nicolas Kerdiles for Roughing.
4:49 of 2nd period - Marko Dano wins face-off versus Frederik Gauthier in Carnivores zone.
4:53 of 2nd period - Wrist shot by Teuvo Teravainen.
4:53 of 2nd period - Goal by Teuvo Teravainen - Carnivores : 1 - Monarchs : 3.
4:54 of 2nd period - Bo Horvat wins face-off versus Scott Laughton in neutral zone.
4:59 of 2nd period - Wrist shot by Bo Horvat.
4:59 of 2nd period - Shot Misses the Net.
5:46 of 2nd period - Wrist shot by Andre Burakovsky.
5:46 of 2nd period - Shot Misses the Net.
5:48 of 2nd period - Wrist shot by Connor Brown.
5:48 of 2nd period - Shot Misses the Net.
6:05 of 2nd period - Slapshot by Sasha Pokulok.
6:05 of 2nd period - Shot Blocked by Ryan White.
6:07 of 2nd period - Snap shot by Mark McNeill.
6:07 of 2nd period - Shot Misses the Net.
6:09 of 2nd period - Wrist shot by Zack Smith.
6:09 of 2nd period - Deflect By Hunter Shinkaruk.
6:09 of 2nd period - Stopped by Anders Lindback with a rebound.
6:19 of 2nd period - Backhand shot by Chris Thorburn.
6:19 of 2nd period - Stopped by Niklas Svedberg with a rebound.
6:25 of 2nd period - Will Butcher is hit by Chris Lawrence and loses puck.
6:42 of 2nd period - Wrist shot by Viktor Arvidsson.
6:42 of 2nd period - Shot Blocked by Anton Gustafsson.
6:44 of 2nd period - Slapshot by David Fischer.
6:44 of 2nd period - Shot Misses the Net.
6:50 of 2nd period - Slapshot by Viktor Arvidsson.
6:50 of 2nd period - Shot Misses the Net.
6:52 of 2nd period - Snap shot by Viktor Arvidsson.
6:52 of 2nd period - Shot Blocked by David Schlemko.
6:59 of 2nd period - Icing by Nicolas Kerdiles.
7:00 of 2nd period - Brian Boyle wins face-off versus Markus Granlund in Carnivores zone.
7:37 of 2nd period - Chris Lawrence is hit by Chris Thorburn and loses puck.
7:54 of 2nd period - Snap shot by Marko Dano.
7:54 of 2nd period - Stopped by Niklas Svedberg with a rebound.
8:10 of 2nd period - Slapshot by Connor Brown.
8:10 of 2nd period - Shot Misses the Net.
8:12 of 2nd period - Wrist shot by Connor Brown.
8:12 of 2nd period - Shot Misses the Net.
8:18 of 2nd period - Snap shot by Andre Burakovsky.
8:18 of 2nd period - Shot Misses the Net.
8:20 of 2nd period - Snap shot by Connor Brown.
8:20 of 2nd period - Goal by Connor Brown - Carnivores : 1 - Monarchs : 4.
8:20 of 2nd period - Antti Raanta enters game.
8:21 of 2nd period - Marko Dano wins face-off versus Scott Laughton in neutral zone.
8:32 of 2nd period - Wrist shot by Viktor Arvidsson.
8:32 of 2nd period - Deflect By Chris Lawrence.
8:32 of 2nd period - Stopped by Antti Raanta with a rebound.
9:08 of 2nd period - Snap shot by Anton Gustafsson.
9:08 of 2nd period - Deflect By Alec Martinez.
9:08 of 2nd period - Stopped by Anders Lindback without a rebound.
9:09 of 2nd period - Nicolas Kerdiles wins face-off versus Andre Burakovsky in Monarchs zone.
9:18 of 2nd period - Wrist shot by Anton Gustafsson.
9:18 of 2nd period - Stopped by Anders Lindback without a rebound.
9:19 of 2nd period - Scott Laughton wins face-off versus Marko Dano in Monarchs zone.
9:29 of 2nd period - Slapshot by David Fischer.
9:29 of 2nd period - Shot Blocked by T.J Brodie.
9:31 of 2nd period - Wrist shot by Viktor Arvidsson.
9:31 of 2nd period - Stopped by Antti Raanta with a rebound.
9:33 of 2nd period - Backhand shot by Jake McCabe.
9:33 of 2nd period - Stopped by Antti Raanta with a rebound.
9:45 of 2nd period - Wrist shot by Markus Granlund.
9:45 of 2nd period - Stopped by Anders Lindback with a rebound.
9:47 of 2nd period - Wrist shot by Josh Manson.
9:47 of 2nd period - Stopped by Anders Lindback without a rebound.
9:48 of 2nd period - Markus Granlund wins face-off versus Bo Horvat in Monarchs zone.
10:09 of 2nd period - Minor Penalty to Chris Thorburn for Holding.
10:10 of 2nd period - Scott Laughton wins face-off versus Brian Boyle in Monarchs zone.
10:32 of 2nd period - Icing by Mat Clark.
10:33 of 2nd period - Ryan White wins face-off versus Scott Laughton in Carnivores zone.
10:40 of 2nd period - Wrist shot by Jeremy Williams.
10:40 of 2nd period - Shot Misses the Net.
10:57 of 2nd period - Icing by Jeremy Williams.
10:58 of 2nd period - Brian Boyle wins face-off versus Scott Laughton in Carnivores zone.
11:23 of 2nd period - James Sheppard is hit by Mat Clark and loses puck.
12:00 of 2nd period - Blake Geoffrion is hit by Jake McCabe and loses puck.
12:09 of 2nd period - Penalty to Chris Thorburn is over, Chris Thorburn is back on ice.
12:17 of 2nd period - Snap shot by Chris Thorburn.
12:17 of 2nd period - Stopped by Antti Raanta with a rebound.
12:19 of 2nd period - Snap shot by Alec Martinez.
12:19 of 2nd period - Stopped by Antti Raanta without a rebound.
12:20 of 2nd period - Marko Dano wins face-off versus Zack Smith in Carnivores zone.
12:41 of 2nd period - Mark McNeill is hit by Morgan Rielly and loses puck.
12:46 of 2nd period - Slapshot by Will Butcher.
12:46 of 2nd period - Stopped by Antti Raanta without a rebound.
12:47 of 2nd period - Bo Horvat wins face-off versus Scott Laughton in Carnivores zone.
12:48 of 2nd period - Snap shot by Chris Thorburn.
12:48 of 2nd period - Shot Misses the Net.
12:56 of 2nd period - Snap shot by Chris Thorburn.
12:56 of 2nd period - Goal by Chris Thorburn - Carnivores : 1 - Monarchs : 5.
12:57 of 2nd period - Connor Brown wins face-off versus Scott Laughton in neutral zone.
13:24 of 2nd period - Viktor Arvidsson is hit by Markus Granlund and loses puck.
13:29 of 2nd period - Slapshot by Nikita Alexeev.
13:29 of 2nd period - Stopped by Anders Lindback without a rebound.
13:30 of 2nd period - Marko Dano wins face-off versus Nikita Alexeev in Monarchs zone.
13:35 of 2nd period - Markus Granlund is hit by Alec Martinez and loses puck.
13:42 of 2nd period - Wrist shot by Viktor Arvidsson.
13:42 of 2nd period - Stopped by Antti Raanta without a rebound.
13:43 of 2nd period - Scott Laughton wins face-off versus Andre Burakovsky in Carnivores zone.
13:51 of 2nd period - Off-side.
13:52 of 2nd period - Scott Laughton wins face-off versus Brian Boyle in neutral zone.
13:58 of 2nd period - Minor Penalty to Mat Clark for Hooking.
13:59 of 2nd period - Chris Lawrence wins face-off versus Marko Dano in Carnivores zone.
14:24 of 2nd period - Frederik Gauthier is hit by Bo Horvat.
15:02 of 2nd period - Chris Lawrence is hit by Marko Dano and loses puck.
15:58 of 2nd period - Penalty to Mat Clark is over, Mat Clark is back on ice.
16:32 of 2nd period - Wrist shot by Zack Smith.
16:32 of 2nd period - Shot Blocked by David Fischer.
17:23 of 2nd period - Darnell Nurse is hit by Markus Granlund and loses puck.
17:56 of 2nd period - Nicholas Baptiste is hit by Scott Laughton and loses puck.
18:23 of 2nd period - Jake McCabe is hit by Scott Laughton and loses puck.
19:00 of 2nd period - Morgan Rielly is hit by Mark McNeill and loses puck.
Goals for this period are 0 for Carnivores vs 4 for Monarchs .
Shots for this period are 11 for Carnivores vs 14 for Monarchs .
3rd period
0:01 of 3rd period - Scott Laughton wins face-off versus Bo Horvat in neutral zone.
0:06 of 3rd period - Morgan Rielly is hit by Mat Clark.
0:14 of 3rd period - Wrist shot by Blake Geoffrion.
0:14 of 3rd period - Goal by Blake Geoffrion - Carnivores : 2 - Monarchs : 5.
0:15 of 3rd period - Blake Geoffrion wins face-off versus Marko Dano in neutral zone.
1:05 of 3rd period - Backhand shot by Viktor Arvidsson.
1:05 of 3rd period - Stopped by Antti Raanta with a rebound.
1:13 of 3rd period - Jake McCabe is hit by Nate Schmidt and loses puck.
1:20 of 3rd period - Snap shot by Viktor Arvidsson.
1:20 of 3rd period - Shot Blocked by Blake Geoffrion.
1:22 of 3rd period - Snap shot by Marko Dano.
1:22 of 3rd period - Stopped by Antti Raanta without a rebound.
1:23 of 3rd period - Markus Granlund wins face-off versus Brian Boyle in Carnivores zone.
1:36 of 3rd period - Wrist shot by Connor Brown.
1:36 of 3rd period - Stopped by Antti Raanta without a rebound.
1:37 of 3rd period - Bo Horvat wins face-off versus Nikita Alexeev in Carnivores zone.
1:38 of 3rd period - Wrist shot by Chris Thorburn.
1:38 of 3rd period - Stopped by Antti Raanta with a rebound.
1:46 of 3rd period - Snap shot by Sasha Pokulok.
1:46 of 3rd period - Deflect By Chris Thorburn.
1:46 of 3rd period - Stopped by Anders Lindback with a rebound.
1:48 of 3rd period - Slapshot by David Schlemko.
1:48 of 3rd period - Goal by David Schlemko - Carnivores : 3 - Monarchs : 5.
1:49 of 3rd period - Bo Horvat wins face-off versus Markus Granlund in neutral zone.
1:56 of 3rd period - Slapshot by Teuvo Teravainen.
1:56 of 3rd period - Shot Misses the Net.
1:58 of 3rd period - Slapshot by Alec Martinez.
1:58 of 3rd period - Shot Misses the Net.
2:00 of 3rd period - Slapshot by Alec Martinez.
2:00 of 3rd period - Stopped by Antti Raanta without a rebound.
2:01 of 3rd period - Scott Laughton wins face-off versus Brian Boyle in Carnivores zone.
2:01 of 3rd period - Scott Laughton is hit by Connor Brown.
2:08 of 3rd period - Minor Penalty to Will Butcher for Hooking.
2:09 of 3rd period - Scott Laughton wins face-off versus Brian Boyle in Monarchs zone.
2:11 of 3rd period - Slapshot by Jeremy Williams.
2:11 of 3rd period - Stopped by Anders Lindback with a rebound.
4:08 of 3rd period - Penalty to Will Butcher is over, Will Butcher is back on ice.
4:14 of 3rd period - Wrist shot by Zack Smith.
4:14 of 3rd period - Stopped by Anders Lindback with a rebound.
4:16 of 3rd period - Slapshot by Mark McNeill.
4:16 of 3rd period - Stopped by Anders Lindback with a rebound.
4:21 of 3rd period - Off-side.
4:22 of 3rd period - Bo Horvat wins face-off versus Zack Smith in neutral zone.
4:31 of 3rd period - Wrist shot by Chris Thorburn.
4:31 of 3rd period - Shot Blocked by T.J Brodie.
4:37 of 3rd period - Teuvo Teravainen is hit by Mark McNeill and loses puck.
4:48 of 3rd period - Sasha Pokulok is hit by Morgan Rielly and loses puck.
5:00 of 3rd period - Icing by Alec Martinez.
5:01 of 3rd period - Scott Laughton wins face-off versus Brian Boyle in Monarchs zone.
5:10 of 3rd period - Snap shot by Connor Brown.
5:10 of 3rd period - Shot Misses the Net.
5:12 of 3rd period - Slapshot by Morgan Rielly.
5:12 of 3rd period - Shot Misses the Net.
5:14 of 3rd period - Snap shot by Alec Martinez.
5:14 of 3rd period - Shot Blocked by Chris Lawrence.
5:16 of 3rd period - Slapshot by Morgan Rielly.
5:16 of 3rd period - Deflect By Nate Schmidt.
5:16 of 3rd period - Stopped by Antti Raanta without a rebound.
5:17 of 3rd period - Bo Horvat wins face-off versus Markus Granlund in Carnivores zone.
5:18 of 3rd period - Wrist shot by Chris Thorburn.
5:18 of 3rd period - Stopped by Antti Raanta with a rebound.
5:44 of 3rd period - Icing by Chris Lawrence.
5:45 of 3rd period - Scott Laughton wins face-off versus Brian Boyle in Carnivores zone.
5:56 of 3rd period - Snap shot by Scott Laughton.
5:56 of 3rd period - Deflect By Andre Burakovsky.
5:56 of 3rd period - Shot Misses the Net.
5:56 of 3rd period - Puck is out of play.
5:57 of 3rd period - Bo Horvat wins face-off versus Scott Laughton in Monarchs zone.
6:10 of 3rd period - Slapshot by Chris Lawrence.
6:10 of 3rd period - Stopped by Anders Lindback with a rebound.
6:13 of 3rd period - Icing by Darnell Nurse.
6:14 of 3rd period - Markus Granlund wins face-off versus Bo Horvat in Monarchs zone.
6:39 of 3rd period - Bo Horvat is hit by Scott Laughton and loses puck.
7:23 of 3rd period - Slapshot by Zack Smith.
7:23 of 3rd period - Shot Misses the Net.
7:24 of 3rd period - Minor Penalty to Mark McNeill for Roughing.
7:25 of 3rd period - Frederik Gauthier wins face-off versus Marko Dano in Carnivores zone.
7:34 of 3rd period - Marko Dano is hit by Frederik Gauthier.
7:38 of 3rd period - Slapshot by Chris Lawrence.
7:38 of 3rd period - Goal by Chris Lawrence - Carnivores : 4 - Monarchs : 5.
7:39 of 3rd period - Marko Dano wins face-off versus Frederik Gauthier in neutral zone.
8:04 of 3rd period - Frederik Gauthier is hit by Andre Burakovsky and loses puck.
8:19 of 3rd period - Slapshot by Sasha Pokulok.
8:19 of 3rd period - Stopped by Anders Lindback with a rebound.
9:24 of 3rd period - Penalty to Mark McNeill is over, Mark McNeill is back on ice.
9:32 of 3rd period - Slapshot by Nicholas Baptiste.
9:32 of 3rd period - Shot Misses the Net.
9:34 of 3rd period - Wrist shot by David Fischer.
9:34 of 3rd period - Stopped by Antti Raanta with a rebound.
10:09 of 3rd period - Icing by Will Butcher.
10:10 of 3rd period - Scott Laughton wins face-off versus Ryan White in Monarchs zone.
10:21 of 3rd period - Backhand shot by Will Butcher.
10:21 of 3rd period - Shot Blocked by Josh Manson.
10:27 of 3rd period - Wrist shot by Ryan White.
10:27 of 3rd period - Shot Misses the Net.
10:29 of 3rd period - Slapshot by Will Butcher.
10:29 of 3rd period - Stopped by Antti Raanta without a rebound.
10:30 of 3rd period - Connor Brown wins face-off versus Blake Geoffrion in Carnivores zone.
10:39 of 3rd period - Slapshot by Chris Lawrence.
10:39 of 3rd period - Shot Blocked by Brian Boyle.
10:41 of 3rd period - Slapshot by Nate Schmidt.
10:41 of 3rd period - Deflect By Blake Geoffrion.
10:41 of 3rd period - Stopped by Anders Lindback with a rebound.
10:51 of 3rd period - Minor Penalty to Morgan Rielly for Hooking.
10:52 of 3rd period - Brian Boyle wins face-off versus Scott Laughton in Monarchs zone.
10:52 of 3rd period - Brian Boyle is hit by Nate Schmidt.
11:08 of 3rd period - Wrist shot by Jeremy Williams.
11:08 of 3rd period - Stopped by Anders Lindback without a rebound.
11:09 of 3rd period - Brian Boyle wins face-off versus Markus Granlund in Monarchs zone.
11:20 of 3rd period - Snap shot by Nikita Alexeev.
11:20 of 3rd period - Goal by Nikita Alexeev - Carnivores : 5 - Monarchs : 5.
11:21 of 3rd period - Scott Laughton wins face-off versus Marko Dano in neutral zone.
11:30 of 3rd period - Slapshot by Blake Geoffrion.
11:30 of 3rd period - Shot Hit the Post.
11:32 of 3rd period - Slapshot by Nate Schmidt.
11:32 of 3rd period - Stopped by Anders Lindback without a rebound.
11:33 of 3rd period - Scott Laughton wins face-off versus Marko Dano in Monarchs zone.
11:34 of 3rd period - Snap shot by Blake Geoffrion.
11:34 of 3rd period - Stopped by Anders Lindback without a rebound.
11:35 of 3rd period - Marko Dano wins face-off versus Scott Laughton in Monarchs zone.
11:43 of 3rd period - Wrist shot by Marko Dano.
11:43 of 3rd period - Stopped by Antti Raanta with a rebound.
12:07 of 3rd period - Slapshot by Markus Granlund.
12:07 of 3rd period - Stopped by Anders Lindback with a rebound.
12:09 of 3rd period - Slapshot by Markus Granlund.
12:09 of 3rd period - Shot Blocked by David Fischer.
12:11 of 3rd period - Slapshot by Mat Clark.
12:11 of 3rd period - Deflect By Nikita Alexeev.
12:11 of 3rd period - Shot Misses the Net.
12:11 of 3rd period - Puck is out of play.
12:12 of 3rd period - Marko Dano wins face-off versus Anton Gustafsson in Monarchs zone.
12:28 of 3rd period - Off-side.
12:29 of 3rd period - Scott Laughton wins face-off versus Brian Boyle in neutral zone.
13:07 of 3rd period - Snap shot by Viktor Arvidsson.
13:07 of 3rd period - Stopped by Antti Raanta without a rebound.
13:08 of 3rd period - Bo Horvat wins face-off versus Nicolas Kerdiles in Carnivores zone.
13:19 of 3rd period - Slapshot by Mat Clark.
13:19 of 3rd period - Shot Blocked by David Fischer.
14:05 of 3rd period - Snap shot by Andre Burakovsky.
14:05 of 3rd period - Shot Blocked by Sasha Pokulok.
14:07 of 3rd period - Slapshot by Andre Burakovsky.
14:07 of 3rd period - Shot Misses the Net.
14:09 of 3rd period - Snap shot by Brian Boyle.
14:09 of 3rd period - Shot Misses the Net.
14:21 of 3rd period - Morgan Rielly is hit by Nicolas Kerdiles and loses puck.
14:28 of 3rd period - Snap shot by Nicolas Kerdiles.
14:28 of 3rd period - Shot Blocked by Viktor Arvidsson.
14:50 of 3rd period - Snap shot by Nikita Alexeev.
14:50 of 3rd period - Stopped by Anders Lindback without a rebound.
14:51 of 3rd period - Chris Lawrence wins face-off versus Brian Boyle in Monarchs zone.
14:56 of 3rd period - Wrist shot by Chris Lawrence.
14:56 of 3rd period - Shot Blocked by Darnell Nurse.
14:58 of 3rd period - Wrist shot by Chris Lawrence.
14:58 of 3rd period - Shot Misses the Net.
15:00 of 3rd period - Snap shot by Chris Lawrence.
15:00 of 3rd period - Shot Hit the Post.
15:40 of 3rd period - Off-side.
15:41 of 3rd period - Brian Boyle wins face-off versus Scott Laughton in neutral zone.
15:44 of 3rd period - Slapshot by Connor Brown.
15:44 of 3rd period - Stopped by Antti Raanta without a rebound.
15:45 of 3rd period - Brian Boyle wins face-off versus Blake Geoffrion in Carnivores zone.
15:48 of 3rd period - Snap shot by Andre Burakovsky.
15:48 of 3rd period - Stopped by Antti Raanta with a rebound.
15:50 of 3rd period - Slapshot by Jake McCabe.
15:50 of 3rd period - Stopped by Antti Raanta with a rebound.
15:56 of 3rd period - Slapshot by Connor Brown.
15:56 of 3rd period - Stopped by Antti Raanta with a rebound.
15:58 of 3rd period - Slapshot by Jake McCabe.
15:58 of 3rd period - Stopped by Antti Raanta with a rebound.
16:32 of 3rd period - Wrist shot by Blake Geoffrion.
16:32 of 3rd period - Stopped by Anders Lindback with a rebound.
16:34 of 3rd period - Slapshot by Sasha Pokulok.
16:34 of 3rd period - Deflect By Viktor Arvidsson.
16:34 of 3rd period - Stopped by Anders Lindback without a rebound.
16:35 of 3rd period - Anton Gustafsson wins face-off versus Bo Horvat in Monarchs zone.
16:38 of 3rd period - Wrist shot by Jeremy Williams.
16:38 of 3rd period - Stopped by Anders Lindback with a rebound.
16:44 of 3rd period - Snap shot by Alec Martinez.
16:44 of 3rd period - Shot Blocked by Nate Schmidt.
17:00 of 3rd period - Brian Boyle is hit by Markus Granlund and loses puck.
17:09 of 3rd period - Snap shot by Markus Granlund.
17:09 of 3rd period - Shot Hit the Post.
17:11 of 3rd period - Slapshot by T.J Brodie.
17:11 of 3rd period - Deflect By Nikita Alexeev.
17:11 of 3rd period - Stopped by Anders Lindback with a rebound.
18:00 of 3rd period - T.J Brodie is hit by Jake McCabe and loses puck.
18:29 of 3rd period - Josh Manson is hit by Darnell Nurse and loses puck.
18:52 of 3rd period - Minor Penalty to Brian Boyle for Tripping.
18:53 of 3rd period - Dennis Everberg wins face-off versus Scott Laughton in Monarchs zone.
19:06 of 3rd period - Jake McCabe is hit by Nate Schmidt.
19:23 of 3rd period - Jake McCabe is hit by Nate Schmidt and loses puck.
19:49 of 3rd period - Alec Martinez is hit by Jeremy Williams and loses puck.
Goals for this period are 4 for Carnivores vs 0 for Monarchs .
Shots for this period are 20 for Carnivores vs 16 for Monarchs .
Overtime #1
0:01 of 1st overtime period - Ryan White wins face-off versus Scott Laughton in neutral zone.
0:04 of 1st overtime period - Slapshot by Alec Martinez.
0:04 of 1st overtime period - Deflect By Mat Clark.
0:04 of 1st overtime period - Stopped by Antti Raanta without a rebound.
0:05 of 1st overtime period - Ryan White wins face-off versus Scott Laughton in Carnivores zone.
0:16 of 1st overtime period - Minor Penalty to Scott Laughton for Interference.
0:17 of 1st overtime period - Marko Dano wins face-off versus Curtis Lazar in Carnivores zone.
0:52 of 1st overtime period - Penalty to Brian Boyle is over, Brian Boyle is back on ice.
1:06 of 1st overtime period - Wrist shot by Brian Boyle.
1:06 of 1st overtime period - Shot Misses the Net.
1:08 of 1st overtime period - Snap shot by Teuvo Teravainen.
1:08 of 1st overtime period - Goal by Teuvo Teravainen - Carnivores : 5 - Monarchs : 6.
Goals for this period are 0 for Carnivores vs 1 for Monarchs .
Shots for this period are 0 for Carnivores vs 2 for Monarchs .
Back to the Top